 Dungeon Crawl Stone Soup version 0.32-a0-30-gefbe487952 (webtiles) character file.

Game seed: 2339550697772558985

5124 Curundu the Severer (level 10, -1/78 HPs)
             Began as a Minotaur Berserker on Jan 19, 2024.
             Was an Elder of Trog.
             Slain by a small abomination (6 damage)
             ... on level 7 of the Dungeon.
             The game lasted 00:25:44 (7651 turns).

Curundu the Severer (Minotaur Berserker)            Turns: 7651, Time: 00:25:44

Health: -1/78      AC: 11    Str: 26    XL:     10   Next: 32%
Magic:  0/9        EV:  6    Int:  4    God:    Trog [****..]
Gold:   625        SH: 11    Dex: 10    Spells: 9/9 levels left

rFire   . . .        G - +2 hand axe (freeze)
rCold   . . .        q - +1 tower shield
rNeg    . . .        g - +0 chain mail
rPois   +            (helmet restricted)
rElec   .            F - +1 cloak {rPois}
rCorr   .            (no gloves)
SInv    +            (no boots)
Will    .....        j - amulet of guardian spirit Stlth
                     c - ring of poison resistance
HPRegen 0.00/turn    d - ring of see invisible
MPRegen 0.11/turn

%: guardian spirit
@: on berserk cooldown, sick, slowed, very slow
A: horns 2, retaliatory headbutt
a: Renounce Religion, Berserk, Trog's Hand, Brothers in Arms


You were on level 7 of the Dungeon.
You worshipped Trog.
Trog was greatly pleased with you.
You visited 1 branch of the dungeon, and saw 7 of its levels.
You also visited: Ossuary.

You collected 625 gold pieces.

Inventory:

Hand Weapons
 G - a +2 hand axe of freezing (weapon)
Missiles
 p - 4 javelins (quivered)
Armour
 g - a +0 chain mail (worn)
 q - a +1 tower shield (worn)
 F - a +1 cloak of poison resistance (worn)
Jewellery
 c - a ring of poison resistance (left hand)
 d - a ring of see invisible (right hand)
 j - an amulet of guardian spirit (around neck)
Wands
 h - a wand of polymorph (5)
 o - a wand of charming (7)
 y - a wand of mindburst (33)
Scrolls
 k - 3 scrolls of enchant armour
 r - a scroll of immolation
 v - 4 scrolls of fog
 x - 6 scrolls of teleportation
 z - 5 scrolls of identify
 A - 2 scrolls of blinking
 C - a scroll of enchant weapon
 D - a scroll of poison
Potions
 a - a potion of invisibility {unknown}
 b - 2 potions of degeneration
 e - 4 potions of attraction
 f - 2 potions of haste
 i - 3 potions of brilliance
 l - 2 potions of ambrosia
 m - 3 potions of mutation
 n - 2 potions of lignification {unknown}
 s - 3 potions of heal wounds
 t - 3 potions of curing
 u - 3 potions of magic {unknown}
 w - a potion of might {unknown}
 B - a potion of cancellation {unknown}


   Skills:
 - Level 3.7 Fighting
 + Level 18.0 Axes
 - Level 2.5 Armour
 - Level 2.2 Dodging


You had 9 spell levels left.
You didn't know any spells.
Your spell library was empty.

Dungeon Overview and Level Annotations

Branches:
Dungeon (7/15)             Temple (0/1) D:7         Ossuary (visited)

Altars:
Zin
Lugonu

Annotations:
D:7 1 transporter


Innate Abilities, Weirdness & Mutations

You have a pair of horns on your head.
You reflexively headbutt those who attack you in melee.


Message History

Trog accepts your kill.
You are too berserk!
You slice the small abomination!! You freeze the small abomination!
You headbutt the small abomination.
You destroy the small abomination!
Trog accepts your kill.
You slice the green ugly thing!! You freeze the green ugly thing!
The green ugly thing is heavily wounded.
The green ugly thing tail-slaps you.
* * * LOW HITPOINT WARNING * * *
You completely miss the green ugly thing.
The green ugly thing is heavily wounded.
You slash the green ugly thing! You freeze the green ugly thing.
The green ugly thing is severely wounded.
The green ugly thing tail-slaps you.
* * * LOW HITPOINT WARNING * * *
You slash the green ugly thing! You freeze the green ugly thing.
You headbutt the green ugly thing!
You kill the green ugly thing!
Trog accepts your kill.
Your Axes skill increases to level 18!
You slash the small abomination! You freeze the small abomination.
The small abomination is severely damaged.
You are no longer berserk.
You are exhausted.
You feel yourself slow down.
You completely miss the small abomination.
The small abomination is severely damaged.
The small abomination barely misses you.
You block the small abomination's attack.
You completely miss the small abomination.
Your headbutt misses the small abomination.
The small abomination is severely damaged.
You block the small abomination's attack.
You hit the small abomination. You freeze the small abomination.
You headbutt the small abomination.
You destroy the small abomination!
Trog accepts your kill. The small abomination hits you!
You die...

...##.#####...###...###...###..#.
...##.#......#####.......###..##.
......#......#...##.....##....#..
......#......'....#.._..#.....#..
......#......#...##.....##....#..
###'###......#.###...©...###..#..
..).)........####...###...###.#..
.....<.......##.#x.##©##..#[#.###
........)....##.@###...##.!.#.#..
.............###©.##...##..##.#..
.............# ####.....####..#..
#####+#......# ###.........'..
......#......########.........#..
..............................#.#
....##...##................#'##.#
###.##...##................#))...
...........................#.....


You could see a small abomination.

Vanquished Creatures
  Pikel (D:7)
  2 ugly things (D:7)
  An ancient zyme (D:7)
  Grinder (D:3)
  3 yaks (D:7)
  Menkaure (D:4)
  3 small abominations (D:7)
  A water moccasin (D:7)
  An orc warrior (D:7)
  2 ice beasts (D:6)
  A sky beast (D:6)
  A black bear (D:7)
  A centaur (D:7)
  4 ogres
  2 lemures (D:7)
  3 phantoms
  Blork the orc (D:4)
  2 bullfrogs
  2 scorpions (D:5)
  3 wights (D:7)
  2 jellies (D:6)
  3 orc priests
  2 sleepcaps
  4 bombardier beetles
  A hound (D:6)
  Crazy Yiuf (D:5)
  3 iguanas
  5 orc wizards
  Ijyb (D:3)
  9 mummies
  7 adders
  7 gnolls
  A white imp (D:6)
  2 ufetubi (D:6)
  2 ribbon worms
  2 dart slugs
  21 orcs
  6 ball pythons
  4 bats (D:1)
  9 endoplasms
  4 giant cockroaches
  5 goblins
  6 hobgoblins
  3 jackals (D:4)
  3 quokkas
  6 frilled lizards
  3 gnoll zombies (Ossuary)
  A goblin zombie (D:4)
  2 hobgoblin zombies (Ossuary)
  10 kobolds
  3 kobold zombies
  An orc zombie (Ossuary)
  3 rats
178 creatures vanquished.

Notes
Turn   | Place    | Note
-------+----------+-------------------------------------------
     0 | D:1      | Curundu the Minotaur Berserker began the quest for the Orb.
     0 | D:1      | Reached XP level 1. HP: 19/19 MP: 0/0
   136 | D:1      | Found a faded altar of an unknown god.
   180 | D:1      | Reached skill level 4 in Axes
   219 | D:1      | Reached XP level 2. HP: 23/27 MP: 1/1
   545 | D:1      | You fall into a shaft and drop 1 floor!
   705 | D:1      | Reached ** piety under Trog
   900 | D:2      | Reached skill level 5 in Axes
   900 | D:2      | Reached XP level 3. HP: 33/33 MP: 2/2
  1093 | D:2      | Identified the +3 shortbow "Beastslayer" {antimagic,
                  | +Blink}
  1454 | D:2      | Reached XP level 4. HP: 21/40 MP: 3/3
  1837 | D:3      | Reached skill level 6 in Axes
  1846 | D:3      | Noticed Ijyb
  1868 | D:3      | Killed Ijyb
  2057 | D:3      | Reached XP level 5. HP: 36/46 MP: 4/4
  2502 | D:3      | Reached skill level 7 in Axes
  2559 | D:3      | Noticed Grinder
  2560 | D:3      | Paralysed by Grinder for 3 turns
  2583 | D:3      | Killed Grinder
  2584 | D:3      | Reached skill level 8 in Axes
  2584 | D:3      | Reached XP level 6. HP: 28/52 MP: 5/5
  2937 | D:4      | Reached skill level 9 in Axes
  3039 | D:4      | Found a sand-covered staircase.
  3044 | D:4      | Reached *** piety under Trog
  3060 | Ossuary  | Entered an ossuary
  3081 | Ossuary  | Reached XP level 7. HP: 47/58 MP: 6/6
  3262 | Ossuary  | Reached skill level 10 in Axes
  3417 | D:4      | Noticed Menkaure
  3429 | D:4      | Killed Menkaure
  3542 | D:4      | Noticed Blork the orc
  3559 | D:4      | Killed Blork the orc
  3979 | D:4      | Reached skill level 11 in Axes
  4130 | D:4      | Reached XP level 8. HP: 7/66 MP: 7/7
  4546 | D:5      | Entered Level 5 of the Dungeon
  4824 | D:5      | Reached skill level 12 in Axes
  5037 | D:5      | Reached skill level 13 in Axes
  5473 | D:5      | Found a runed translucent door.
  5474 | D:5      | Noticed Crazy Yiuf
  5641 | D:5      | Killed Crazy Yiuf
  5816 | D:6      | Identified the +0 ring mail "Gefi Woy" {rF+ Int-4 Dex+3
                  | SInv}
  5870 | D:6      | Reached **** piety under Trog
  5871 | D:6      | Reached skill level 14 in Axes
  6005 | D:6      | Reached XP level 9. HP: 57/71 MP: 8/8
  6615 | D:7      | Reached skill level 15 in Axes
  6799 | D:7      | Reached skill level 16 in Axes
  6875 | D:7      | Found a staircase to the Ecumenical Temple.
  7065 | D:7      | Found a transporter.
  7069 | D:7      | Noticed a green ugly thing
  7070 | D:7      | Found a corrupted altar of Lugonu.
  7234 | D:7      | Noticed Pikel
  7248 | D:7      | Killed Pikel
  7351 | D:7      | Found a glowing silver altar of Zin.
  7462 | D:7      | Found a transporter.
  7462 | D:7      | Noticed a purple ugly thing
  7463 | D:7      | Noticed an ancient zyme
  7495 | D:7      | Reached skill level 17 in Axes
  7495 | D:7      | Reached XP level 10. HP: 67/78 MP: 7/9
  7637 | D:7      | Killed a purple ugly thing
  7647 | D:7      | Killed a green ugly thing
  7648 | D:7      | Reached skill level 18 in Axes
  7651 | D:7      | Slain by a small abomination

Illustrated notes

Levels and vault maps discovered:
D:1:      minmay_arrival_checkered_box, layout_loops_cross,
          nicolae_ecumenical_lake_church
D:2:      layout_basic
D:3:      layout_basic, uniq_grinder, uniq_ijyb
D:4:      layout_basic, nicolae_ossuary_entry_giza, uniq_menkaure,
          uniq_blork_the_orc
D:5:      layout_loops_cross, roderic_lattice_a, uniq_crazy_yiuf_cottage
D:6:      layout_loops_ring
D:7:      gammafunk_corrupted_shrine, layout_gridville, zin_scriptorium,
          minmay_temple_entry_stoned_glass, uniq_pikel

Skill      XL: |  1  2  3  4  5  6  7  8  9 10 |
---------------+-------------------------------+-----
Axes           | 4 5 6 8 9 11 14 17 18 | 18.0
Fighting       | |  3.7
Armour         | |  2.5
Dodging        | |  2.2

Action                     |  1- 3 |  4- 6 |  7- 9 | 10-12 || total
---------------------------+-------+-------+-------+-------++-------
  Melee: Hand axe          |    86 |    99 |   321 |    26 ||   532
         Headbutt          |     9 |    13 |    72 |     8 ||   102
         Unarmed           |       |    14 |       |       ||    14
 Invoke: Trog's Hand       |       |     2 |     6 |     1 ||     9
         Berserk           |       |     1 |     5 |     1 ||     7
    Use: Scroll            |     3 |    10 |     7 |       ||    20
         Potion            |       |     1 |     2 |       ||     3
 Armour: Animal skin       |    21 |       |       |       ||    21
         Chain mail        |    25 |   101 |   189 |    14 ||   329
         Skin              |       |     2 |       |       ||     2
  Dodge: Dodged            |    51 |    44 |    56 |     2 ||   153
  Block: Tower shield      |       |    28 |   168 |     4 ||   200

Table legend: (Time is in decaauts)
 A = Elapsed time spent in this place.
 B = Non-inter-level travel time spent in this place.
 C = Inter-level travel time spent in this place.
 D = Time resting spent in this place.
 E = Time spent auto-exploring this place.
 F = Levels seen in this place.
 G = Mean time per level.
                   A        B        C        D        E       F      G
               +--------+--------+--------+--------+--------+-----+--------+
         Total |   7705 |   7705 |      0 |   1029 |   4887 |   8 |  963.1 |
       Dungeon |   7344 |   7344 |      0 |    913 |   4752 |   7 | 1049.1 |
       Ossuary |    361 |    361 |      0 |    115 |    135 |   1 |  361.0 |
               +--------+--------+--------+--------+--------+-----+--------+

Top non-repeatable levels by time:
     D:4: 1399 daAuts
     D:5: 1260 daAuts
     D:7: 1126 daAuts
     D:3: 1096 daAuts
     D:2: 907 daAuts
     D:1: 837 daAuts
     D:6: 716 daAuts
 Ossuary: 361 daAuts
